 Dungeon Crawl Stone Soup version 0.31-a0-691-g409c26aa35 (webtiles) character file.

Game seed: 13153376742381379728

225 qw the Shooter (level 6, -1/38 HPs)
             Began as a Gargoyle Hunter on Sept 6, 2023.
             Slain by an orc warrior
             ... wielding a +0 long sword
              (3 damage)
             ... on level 4 of the Dungeon.
             The game lasted 00:01:07 (2871 turns).

qw the Shooter (Gargoyle Hunter)                    Turns: 2871, Time: 00:01:07

Health: -1/38      AC:  9    Str: 14    XL:     6   Next: 1%
Magic:  6/6        EV: 10    Int: 10    God:
Gold:   263        SH:  0    Dex: 15    Spells: 5/5 levels left

rFire   . . .        Y - +1 shortbow (drain)
rCold   . . .        (shield currently unavailable)
rNeg    + . .        b - +0 ring mail
rPois   inf          (no helmet)
rElec   +            (no cloak)
rCorr   .            (no gloves)
SInv    .            (no boots)
Will    .....        (no amulet)
Stlth   +            (no ring)
HPRegen 0.26/turn    (no ring)
MPRegen 0.10/turn

%: no passive effects
@: no status effects
A: sickness immunity, AC +4, negative energy resistance 1, electricity
resistance, torment resistance 1, petrification resistance
a: no special abilities


You were on level 4 of the Dungeon.
You visited 1 branch of the dungeon, and saw 4 of its levels.

You collected 263 gold pieces.


Innate Abilities, Weirdness & Mutations

You are immune to sickness and miasma.
Your stone body is resilient. (AC +4)
You are immune to poison.
You resist negative energy. (rN+)
You are resistant to electric shocks. (rElec)
You are resistant to unholy torment.
You are immune to petrification.


   Skills:
 - Level 4.0 Fighting
 + Level 6.0 Ranged Weapons
 - Level 1.2 Armour
 - Level 1.5 Dodging
 - Level 1.1 Stealth


You had 5 spell levels left.
You didn't know any spells.
Your spell library was empty.

Inventory:

Hand Weapons
 Y - a +1 shortbow of draining (weapon)
Armour
 a - the scarf of the Sky {harm, rF+ Int+4 Dex+4}
   (You acquired it on level 1 of the Dungeon)

   Int+4:     It affects your intelligence (+4).
   Dex+4:     It affects your dexterity (+4).
   rF+:       It protects you from fire.
 b - a +0 ring mail (worn)
Scrolls
 i - a scroll of identify
Potions
 f - a potion of might {unknown}
 h - a potion of brilliance {unknown}

Dungeon Overview and Level Annotations

Branches:
Dungeon (4/15)
 Temple: D:4-7

Altars:


Message History

You shoot an arrow.
The arrow hits the orc warrior but does no damage.
The orc warrior hits you with a +0 long sword.
The orc closely misses you.
The orc warrior hits you with a +0 long sword.
You shoot an arrow.
The arrow closely misses the orc warrior.
The orc warrior closely misses you. The orc misses you.
You shoot an arrow. The arrow hits the orc warrior.
The orc warrior is lightly wounded.
The orc warrior hits you with a +0 long sword!
The orc hits you but does no damage.
You shoot an arrow. The arrow hits the orc warrior!
You drain the orc warrior.
The orc warrior is heavily wounded.
The orc warrior hits you with a +0 long sword.
The orc hits you with a +0 mace.
You shoot an arrow.
The arrow hits the orc warrior but does no damage.
The orc warrior is heavily wounded.
The orc warrior hits you with a +0 long sword!
The orc closely misses you.
You shoot an arrow.
The arrow closely misses the orc warrior.
The orc warrior misses you. The orc hits you but does no damage. x2
The orc warrior hits you with a +0 long sword.
You shoot an arrow.
The arrow hits the orc warrior but does no damage.
You drain the orc warrior.
The orc warrior is heavily wounded.
The orc warrior hits you but does no damage.
The orc hits you but does no damage.
You shoot an arrow.
The arrow hits the orc warrior but does no damage.
The orc warrior is heavily wounded.
The orc hits you but does no damage.
The orc warrior hits you with a +0 long sword.
You shoot an arrow. The arrow hits the orc warrior!
The orc warrior is severely wounded.
The orc warrior hits you with a +0 long sword.
You die...

.##
#........%...#
.#
#.####..####.#
.# #..# #.# .#
#..# ##.## .#
#..###...# .#
#......#.# ##
##.###...# #.#
##.## #@#
......oo#
....##... ##
..... ##.....
##..#..
......# ##.#
.#


You could see an orc warrior (very drained) and an orc.

Vanquished Creatures
  A hound (D:3)
  A scorpion zombie (D:2)
  8 adders
  An adder zombie (D:2)
  2 worms (D:3)
  6 orcs
  11 ball pythons
  2 bat skeletons (D:2)
  9 endoplasms
  3 giant cockroaches
  2 goblins (D:2)
  8 hobgoblins
  3 jackals (D:1)
  4 quokkas
  A ball python skeleton (D:2)
  8 bats
  A frilled lizard (D:2)
  A giant cockroach zombie (D:2)
  7 kobolds
  A quokka zombie (D:2)
  5 rats
85 creatures vanquished.

Notes
Turn   | Place    | Note
-------+----------+-------------------------------------------
     0 | D:1      | qw the Gargoyle Hunter began the quest for the Orb.
     0 | D:1      | Reached XP level 1. HP: 12/12 MP: 1/1
     0 | D:1      | 0 ||| qw: Version: 0.3-a-76-g4403597
     0 | D:1      | 0 ||| qw: Game counter: 13
     0 | D:1      | 0 ||| qw: Melee chars always use a shield: true
     0 | D:1      | 0 ||| qw: God list: Okawaru
     0 | D:1      | 0 ||| qw: Allow faded altars: false
     0 | D:1      | 0 ||| qw: Do Orc after clearing Dungeon:15 true
     0 | D:1      | 0 ||| qw: Do second Lair branch before Depths: true
     0 | D:1      | 0 ||| qw: Lair rune preference: random
     0 | D:1      | 0 ||| qw: Goals: Normal
     0 | D:1      | 0 ||| PLANNING D:1-11
   220 | D:1      | Reached XP level 2. HP: 17/17 MP: 2/2
   583 | D:1      | Reached XP level 3. HP: 21/21 MP: 3/3
   616 | D:1      | Reached skill level 5 in Ranged Weapons
   825 | D:1      | 825 ||| READING scroll labelled YDDEOP BOAN.
   825 | D:1      | Identified a scroll of acquirement
   825 | D:1      | 825 ||| ACQUIRING scarf of the Sky {harm, rF+ Int+4 Dex+4}
   825 | D:1      | Acquired the scarf of the Sky {harm, rF+ Int+4 Dex+4}
   827 | D:1      | 827 ||| READING scroll labelled LIMIUC MUUG.
   828 | D:1      | 828 ||| READING scroll labelled UWEMMY TUWK.
   832 | D:1      | 832 ||| READING scroll labelled GYFIUR TAYTOWYA.
   833 | D:1      | 833 ||| READING 2 scrolls labelled FEALISTR GODU.
   834 | D:1      | 834 ||| READING scroll labelled POHAXEUCUI.
   835 | D:1      | 835 ||| DROPPING scroll of butterflies.
   836 | D:1      | 836 ||| DROPPING scroll of immolation.
  1078 | D:2      | Found a faded altar of an unknown god.
  1237 | D:2      | Reached skill level 3 in Fighting
  1237 | D:2      | Reached XP level 4. HP: 22/28 MP: 4/4
  1780 | D:2      | 1780 ||| READING 2 scrolls labelled PIERUS GEDD.
  1781 | D:2      | 1781 ||| READING scroll labelled GAEV HIATAAV.
  1782 | D:2      | 1782 ||| READING scroll labelled INNOEX VUICWO.
  1783 | D:2      | 1783 ||| DROPPING scroll of amnesia.
  1818 | D:3      | 1818 ||| PLANNING SEWER
  1973 | D:3      | Reached XP level 5. HP: 32/32 MP: 5/5
  2207 | D:3      | Reached skill level 6 in Ranged Weapons
  2562 | D:3      | 2562 ||| RIP SEWER
  2576 | D:3      | 2576 ||| PLANNING D:1-11
  2666 | D:3      | 2666 ||| UPGRADING to +0 ring mail.
  2676 | D:3      | 2676 ||| DROPPING +0 leather armour.
  2677 | D:3      | 2677 ||| READING 2 scrolls of identify.
  2677 | D:3      | 2677 ||| IDENTIFYING ruby potion
  2678 | D:3      | 2678 ||| DROPPING potion of attraction.
  2841 | D:4      | Reached skill level 1 in Armour
  2857 | D:4      | Noticed an orc warrior
  2861 | D:4      | Reached XP level 6. HP: 38/38 MP: 6/6
  2867 | D:4      | HP: 5/38 [orc warrior/+0 long sword (9)]
  2868 | D:4      | HP: 2/38 [orc warrior/+0 long sword (3)]
  2871 | D:4      | Slain by an orc warrior

Levels and vault maps discovered:
D:1:      amcnicky_arrival_flooded_fountain, layout_loops_corners,
          minmay_pentomino_o2
D:2:      layout_loops_corners, serial_undead, serial_undead_a, serial_undead_f,
          serial_undead_b, serial_undead_f, serial_undead_b, serial_undead_d,
          ebering_ecumenical_altar_webs
D:3:      layout_basic, portal_sewer_entry_d
D:4:      layout_loops_ring, nicolae_overflow_hidden_temple,
          gammafunk_ghost_abyssal_escape

Skill      XL: |  1  2  3  4  5 |
---------------+----------------+-----
Ranged Weapons | 5 6 |  6.0
Fighting       | 3 4 |  4.0
Armour         | 1 |  1.2
Dodging        | |  1.5
Stealth        | |  1.1

Action                     |  1- 3 |  4- 6 || total
---------------------------+-------+-------++-------
   Fire: Shortbow          |   141 |   146 ||   287
    Use: Scroll            |     6 |     4 ||    10
 Armour: Leather armour    |    52 |    22 ||    74
         Ring mail         |       |    18 ||    18
  Dodge: Dodged            |    42 |    39 ||    81

Table legend:
 A = Non-vault XP
 B = Vault XP
 C = Vault XP percentage of total XP
 D = Non-vault monster count
 E = Vault monster count
 F = Vault count percentage of total count
                 A         B        C        D         E       F
            +---------+---------+-------+---------+---------+-------
      Total |     260 |      62 |  19.3 |      75 |      10 |  11.8
            +---------+---------+-------+---------+---------+-------
        D:1 |      46 |       3 |   6.1 |      28 |       2 |   6.7
        D:2 |      51 |      46 |  47.4 |      17 |       7 |  29.2
        D:3 |     123 |      13 |   9.6 |      22 |       1 |   4.3
        D:4 |      40 |       0 |   0.0 |       8 |       0 |   0.0
            +---------+---------+-------+---------+---------+-------
